 Dungeon Crawl Stone Soup version 0.28-a0-750-g7c675f85b1 (webtiles) character file.

Game seed: 1254405550449539856

13 ytrimaz the Skirmisher (level 2, 24/24 HPs)
             Began as a Demonspawn Fighter on Oct 30, 2021.
             Was a Priest of Ru.
             Quit the game on level 1 of the Dungeon.
             The game lasted 00:03:37 (432 turns).

ytrimaz the Skirmisher (Demonspawn Fighter)          Turns: 432, Time: 00:03:38

Health: 24/24      AC:  6    Str: 16    XL:     2   Next: 24%
Magic:  2/2        EV:  9    Int:  9    God:    Ru [***...]
Gold:   15         SH:  0    Dex: 12    Spells: 1/1 levels left

rFire   . . .      SeeInvis .   a - +0 rapier
rCold   . . .      Faith    .   (shield unavailable)
rNeg    . . .      Spirit   .   b - +0 scale mail
rPois   .          Reflect  .   (no helmet)
rElec   .          Harm     .   (no cloak)
rCorr   .          Rampage  .   (no gloves)
Will    .....                   (no boots)
Stlth   ..........              (no amulet)
HPRegen 0.08/turn               (ring unavailable)
MPRegen 0.08/turn               (no ring)

@: no status effects
A: hooves 1, missing a hand
a: Renounce Religion, Draw Out Power


You were on level 1 of the Dungeon.
You worshipped Ru.
Ru was most pleased with you.
You visited 1 branch of the dungeon, and saw 1 of its levels.

You collected 15 gold pieces.

Inventory:

Hand Weapons
 a - a +0 rapier (weapon)
Armour
 b - a +0 scale mail (worn)
Scrolls
 c - a scroll of identify {unknown}
 e - a scroll of enchant weapon {unknown}
Potions
 d - a potion of might
 f - 2 potions of haste {unknown}
 g - a potion of curing {unknown}
 h - a potion of invisibility {unknown}


   Skills:
 + Level 3.2 Fighting
 + Level 1.9 Short Blades
 + Level 3.0 Armour


You had one spell level left.
You didn't know any spells.
Your spell library was empty.

Dungeon Overview and Level Annotations

Branches:
Dungeon (1/15)

Altars:
Ru


Innate Abilities, Weirdness & Mutations

You have large cloven feet.
You are missing a hand.


Message History

You don't know any spells.
Ru asks you to sacrifice one of your hands.
This is an incredible sacrifice.
Piety after sacrifice: ***...
Do you really want to make this sacrifice?
One of your hands has vanished, leaving only a stump!
Your Shields skill lost 2 levels and is now at level 0!
You can no longer hold your +0 buckler!
You now exude an aura of power that intimidates your foes.
Your aura of power can now strike those that harm you.
You can now heal your body and restore your magic.
Okay, then.
You drop a +0 buckler.
Unknown command.
The floating eye pulsates ominously.
The shining eye turns its gaze towards you.
You see here a +0 robe.
A quokka comes into view.
Found a scroll labelled GAYTRO MISEODGH.
The quokka closely misses you.
You closely miss the quokka. The quokka bites you.
You puncture the quokka!
You kill the quokka!
c - a scroll labelled GAYTRO MISEODGH A bat comes into view.
The bat hits you but does no damage.
Found a sedimented inky potion.
The bat closely misses you. The bat hits you but does no damage.
The bat misses you.
You hit the bat.
You kill the bat!
Your Armour skill increases to level 3!
h - a sedimented inky potion A rat comes into view.
A rat is nearby!
A rat is nearby!
Unknown command.
Unknown command.
Unknown command.
Unknown command.
Unknown command.
Are you sure you want to abandon this character and quit the game? (Confirm with "yes".)

.. #.# ##.##.#
......######
...........#
##.######..####
#. #.......# .
#.#####.# .. #.
#.##### . #
#...@.# .
#.###.# #.# .#
........# r#
....##### .# ..
.# .# .#


You could see a rat.

Vanquished Creatures
  A ball python (D:1)
  A bat (D:1)
  An endoplasm (D:1)
  4 hobgoblins (D:1)
  2 quokkas (D:1)
  A kobold (D:1)
10 creatures vanquished.

Notes
Turn   | Place    | Note
-------+----------+-------------------------------------------
     0 | D:1      | ytrimaz the Demonspawn Fighter began the quest for the Orb.
     0 | D:1      | Reached XP level 1. HP: 18/18 MP: 1/1
   265 | D:1      | Noticed a floating eye
   267 | D:1      | Found a faded altar of an unknown god.
   270 | D:1      | Noticed a floating eye
   272 | D:1      | Noticed an eye of devastation
   272 | D:1      | Noticed a shining eye
   286 | D:1      | Gained mutation: You have large cloven feet. [demonic
                  | ancestry]
   286 | D:1      | Reached XP level 2. HP: 23/24 MP: 2/2
   290 | D:1      | Prayed at the altar of an unknown god.
   290 | D:1      | Became a worshipper of Ru the Awakened
   300 | D:1      | Gained mutation: You are missing a hand. [Ru sacrifice]
   300 | D:1      | Reached * piety under Ru
   300 | D:1      | Reached ** piety under Ru
   300 | D:1      | Reached *** piety under Ru
   432 | D:1      | Quit the game

Illustrated notes

Levels and vault maps discovered:
D:1:      dpeg_arrival_castle, layout_loops_ring,
          hellmonk_ecumenical_altar_watching_god

Skill      XL: |  1  2 |
---------------+-------+-----
Shields        | 0 |  0.0
Armour         | 3 |  3.0
Fighting       | |  3.2
Short Blades   | |  1.9

Action                   || total
-------------------------++-------
Melee: Rapier            ||    16
       Kick              ||     1
Invok: Sacrifice a Hand  ||     1
Armor: Scale mail        ||     5
Dodge: Dodged            ||    12
Block: Buckler           ||     4

Table legend: (Time is in decaauts)
 A = Elapsed time spent in this place.
 B = Non-inter-level travel time spent in this place.
 C = Inter-level travel time spent in this place.
 D = Time resting spent in this place.
 E = Time spent auto-exploring this place.
 F = Levels seen in this place.
 G = Mean time per level.
                   A        B        C        D        E       F      G
               +--------+--------+--------+--------+--------+-----+--------+
         Total |    438 |    438 |      0 |     73 |    261 |   1 |  438.0 |
       Dungeon |    438 |    438 |      0 |     73 |    261 |   1 |  438.0 |
               +--------+--------+--------+--------+--------+-----+--------+

Top non-repeatable levels by time:
     D:1: 438 daAuts
